 Seeded DCSS version 0.25-a0-435-g4b9beb1 (webtiles) character file.

Game seed: 4037872804680729407, levelgen mode: deterministic

150 Buxparty the Slasher (level 5, -5/39 HPs)
             Began as a Vampire Chaos Knight on Jan 28, 2020.
             Was a Plaything of Xom.
             Killed by nerve-wracking pain
             ... invoked by an orc priest
              (7 damage)
             ... on level 3 of the Dungeon.
             The game lasted 00:04:35 (1877 turns).

Buxparty the Slasher (Vampire Chaos Knight)         Turns: 1877, Time: 00:04:36

Health: -5/39      AC:  5    Str: 12    XL:     5   Next: 10%
Magic:  5/5        EV: 12    Int: 15    God:    Xom [*.....]
Gold:   129        SH:  0    Dex: 13    Spells: 4/4 levels left

rFire    + . .     SeeInvis +   a - +0 falchion (chaos)
rCold    + . .     Gourm    .   (no shield)
rNeg     . . .     Faith    .   b - +2 leather armour
rPois    .         Spirit   .   (no helmet)
rElec    .         Reflect  .   i - scarf {rC+ rF+}
rCorr    .         Harm     .   (no gloves)
MR       .....                  (no boots)
Stlth    +.........             (no amulet)
HPRegen  0.33/turn              (no ring)
MPRegen  0.09/turn              (no ring)

@: regenerating quickly
A: no food, fangs 3, see invisible, unbreathing
a: Exsanguinate, Renounce Religion


You were on level 3 of the Dungeon.
You worshipped Xom.
You were a special plaything of Xom.
You were alive.

You visited 1 branch of the dungeon, and saw 3 of its levels.

You collected 129 gold pieces.

Inventory:

Hand Weapons
 a - a +0 falchion of chaos (weapon)
Missiles
 j - 15 poisoned darts (quivered)
Armour
 b - a +2 leather armour (worn)
 i - a scarf of resistance (worn)
Scrolls
 d - 3 scrolls of identify {unknown}
 e - a scroll of enchant weapon {unknown}
 g - a scroll of remove curse {unknown}
 h - a scroll of enchant armour {unknown}
 n - a scroll of immolation {unknown}
 p - a scroll of teleportation {unknown}
Potions
 c - a potion of magic {unknown}
 f - a potion of flight {unknown}
 k - 2 potions of agility {unknown}
 l - 2 potions of curing {unknown}
 m - a potion of lignification {unknown}
 o - a potion of invisibility {unknown}


   Skills:
 - Level 2.6 Fighting
 * Level 5.0 Long Blades
 + Level 2.3 Armour
 - Level 2.1 Dodging


You had 4 spell levels left.
You didn't know any spells.
Your spell library was empty.

Dungeon Overview and Level Annotations

Branches:
Dungeon (3/15)

Altars:
Ashenzari
The Shining One


Innate Abilities, Weirdness & Mutations

You do not eat.
Your natural rate of healing is unusually fast.
You have razor-sharp teeth.
You have supernaturally acute eyesight. (SInv)
You can survive without breathing.


Message History

An orc comes into view. It is wielding a +0 flail.
The orc shouts!
The orc priest mumbles some strange prayers to Beogh against you.
Beogh smites you!
You hear an angry hiss.
You see here a +0 flail.
The orc priest hits you with a +0 flail.
The orc hits you with a +0 flail.
You closely miss the orc priest.
The orc priest mumbles some strange prayers to Beogh against you.
Pain shoots through your body!
* * * LOW HITPOINT WARNING * * *
The orc hits you with a +0 flail.
* * * LOW HITPOINT WARNING * * *
You hit the orc priest.
The orc priest is lightly wounded.
The orc priest invokes the aid of Beogh against you.
Pain shoots through your body!
You die...
Xom howls with laughter!

#.##.##.# #o##.# # #....# #o####
######### #.#####.# #.......#
#.......# #.##.##.####.####.##
### #####.#.#.#.o......# # #..
........)#)@o###...##.##. # #.#
##.#..##.##..###.#...... .o #.#
#.#.....o.......#.##.## o. #.#
#.#..#####..##.......# #.# #.#.#
# #.#.##.##.#### ... #.#####.#.#
.#.##...<...# #...
#.........###.#####.###.## #...
.#.###.#.......##..## ##.## #...
#..###.#.).....#..#######.####...


You could see an orc priest and an orc.

Vanquished Creatures
  2 orc priests (D:3)
  4 adders (D:2)
  A worm (D:3)
  2 dart slugs
  5 orcs (D:3)
  9 bats
  3 giant cockroaches
  3 goblins
  4 hobgoblins
  2 quokkas (D:2)
  A ball python (D:1)
  3 frilled lizards
  6 kobolds
  2 rats
47 creatures vanquished.

Notes
Turn   | Place    | Note
-------+----------+-------------------------------------------
     0 | D:1      | Buxparty the Vampire Chaos Knight began the quest for the
                  | Orb.
     0 | D:1      | Reached XP level 1. HP: 17/17 MP: 1/1
    67 | D:1      | Reached skill level 1 in Armour
   132 | D:1      | Reached XP level 2. HP: 23/23 MP: 2/2
   301 | D:1      | XOM: medium Pois miscast
   715 | D:2      | XOM: stealth player
   741 | D:2      | Found a shattered altar of Ashenzari.
   919 | D:2      | XOM: noise
   936 | D:2      | Reached XP level 3. HP: 28/28 MP: 3/3
   953 | D:2      | XOM: cast spell 'Summon Small Mammal'
   955 | D:2      | Reached skill level 4 in Long Blades
  1214 | D:2      | XOM: harmless Tmut miscast
  1345 | D:2      | Reached XP level 4. HP: 34/34 MP: 4/4
  1349 | D:2      | Found a glowing golden altar of the Shining One.
  1349 | D:2      | XOM: divination: detect items
  1558 | D:3      | XOM: harmless Ice miscast
  1579 | D:3      | XOM: enchant monster (bad)
  1580 | D:3      | XOM: divination: detect items
  1809 | D:3      | XOM: harmless Conj miscast
  1858 | D:3      | Reached skill level 5 in Long Blades
  1858 | D:3      | Reached XP level 5. HP: 27/39 MP: 5/5
  1876 | D:3      | HP: 1/39 [orc/+0 flail (1)]
  1877 | D:3      | Killed from afar by an orc priest

Levels and vault maps discovered:
D:1:      minmay_arrival_loop, layout_loops_ring, minmay_pentomino_u4
D:2:      layout_loops_ring, nicolae_ashenzari_panopticon,
          nicolae_tso_swordbearing_angel, minmay_misc_feat_encased
D:3:      layout_loops_cross

Skill      XL: |  1  2  3  4 |
---------------+-------------+-----
Armour         | 1 2 |  2.3
Long Blades    | 4 5 |  5.0
Fighting       | |  2.6
Dodging        | |  2.1

Action                   |  1- 3 |  4- 6 || total
-------------------------+-------+-------++-------
Melee: Falchion          |    72 |    34 ||   106
       Bite              |     6 |     5 ||    11
 Stab: Paralysed         |     2 |       ||     2
       Sleeping          |     1 |       ||     1
       Confused          |       |     1 ||     1
Armor: Leather armour    |    30 |     1 ||    31
Dodge: Dodged            |    54 |    22 ||    76
       Rpst.: Falchion   |    15 |     8 ||    23

Table legend:
 A = Non-vault XP
 B = Vault XP
 C = Vault XP percentage of total XP
 D = Non-vault monster count
 E = Vault monster count
 F = Vault count percentage of total count
                 A         B        C        D         E       F
            +---------+---------+-------+---------+---------+-------
      Total |     213 |       2 |   0.9 |      46 |       1 |   2.1
            +---------+---------+-------+---------+---------+-------
        D:1 |      17 |       2 |  10.5 |       9 |       1 |  10.0
        D:2 |      86 |       0 |   0.0 |      23 |       0 |   0.0
        D:3 |     110 |       0 |   0.0 |      14 |       0 |   0.0
            +---------+---------+-------+---------+---------+-------
